 Dungeon Crawl Stone Soup version 0.19.5 (webtiles) character file.

12854 Haldmier the Bludgeoner (level 11, -6/117 HPs)
             Began as an Ogre Wizard on May 7, 2017.
             Was a Follower of Ashenzari.
             Mangled by an orc warrior
             ... wielding a +0 mace
             ... led by an orc high priest
              (18 damage)
             ... on level 9 of the Dungeon.
             The game lasted 01:19:59 (21202 turns).

Haldmier the Bludgeoner (Ogre Wizard)              Turns: 21202, Time: 01:19:59

Health: -6/117     AC:  4    Str: 14    XL:     11   Next: 99%
Magic:  16/20      EV: 10    Int: 17    God:    Ashenzari [*.....]
Gold:   480        SH:  2    Dex: 11    Spells: 6 memorised, 9 levels left

rFire  . . .     SeeInvis .     O - +0 giant spiked club (curse)
rCold  . . .     Gourm    .     a - +0 robe
rNeg   . . .     Faith    .     (shield currently unavailable)
rPois  .         Spirit   .     b - +0 hat
rElec  .         Reflect  +     G - +0 cloak
rCorr  +         Harm     .     (gloves unavailable)
MR     +....                    (boots unavailable)
Stlth  ++........               m - +2 amulet of reflection
                                (no ring)
                                L - ring of resist corrosion

@: repel missiles
A: unfitting armour, tough skin 1
a: Curse Item, Scrying, Renounce Religion


You were on level 9 of the Dungeon.
You worshipped Ashenzari.
Ashenzari was aware of your devotion.
You were hungry.

You visited 3 branches of the dungeon, and saw 11 of its levels.
You also visited: Sewer.

You collected 480 gold pieces.

Inventory:

Hand Weapons
 H - a +0 whip of pain
 O - a cursed +0 giant spiked club (weapon)
 R - a cursed +5 flail
Missiles
 I - 7 tomahawks (quivered)
Armour
 a - a +0 robe (worn)
 b - a +0 hat (worn)
 v - a +0 shield
 G - a +0 cloak (worn)
Jewellery
 m - a +2 amulet of reflection (around neck)
 E - an uncursed amulet of the gourmand
 L - a ring of resist corrosion (left hand)
Wands
 i - a wand of flame (25/48)
 s - a wand of confusion (26/48)
 t - a wand of enslavement (12/24)
 x - a wand of lightning (6/15)
 A - a wand of flame (22/48)
 D - a wand of lightning (8/15)
 J - a wand of paralysis (16/24)
 K - a wand of slowing (15/48)
 M - a wand of slowing (16/48)
Scrolls
 e - 2 scrolls of fear
 f - 8 scrolls of identify
 g - 5 scrolls of recharging
 n - 2 scrolls of magic mapping
 o - 5 scrolls of remove curse
 r - a scroll of fog
 w - 6 scrolls of teleportation
 y - 3 scrolls of amnesia
Potions
 k - 2 potions of resistance
 l - a potion of flight
 q - 4 potions of curing
 u - 3 potions of magic
 z - 2 potions of ambrosia
 B - 2 potions of brilliance
 C - a potion of agility {unknown}
 S - a potion of heal wounds
Books
 c - a book of Minor Magic

   Spells                             Type                      Level
   a - Magic Dart                     Conjuration                  1
   b - Blink                          Translocation                2
   c - Call Imp                       Summoning                    2
   d - Repel Missiles                 Charms/Air                   2
   e - Slow                           Hexes                        2
   f - Conjure Flame                  Conjuration/Fire             3
   g - Mephitic Cloud                 Conjuration/Poison/Air       3
 h - a book of Debilitation

   Spells                             Type                      Level
   a - Corona                         Hexes                        1
   b - Slow                           Hexes                        2
   c - Gell's Gravitas                Hexes/Translocation          3
   d - Inner Flame                    Hexes/Fire                   3
   e - Cause Fear                     Hexes                        4
   f - Leda's Liquefaction            Hexes/Earth                  4
 N - a book of Cantrips

   Spells                             Type                      Level
   a - Confusing Touch                Hexes                        1
   b - Animate Skeleton               Necromancy                   1
   c - Summon Small Mammal            Summoning                    1
   d - Apportation                    Translocation                1
Comestibles
 d - 6 bread rations
 j - 2 meat rations
 p - 5 beef jerkies
 P - 6 slices of pizza


   Skills:
 + Level 10.0 Fighting
 * Level 15.1 Maces & Flails
 - Level 1.7 Dodging
 - Level 1.4 Stealth
 - Level 6.0 Spellcasting
 + Level 5.9 Conjurations
 - Level 2.0 Charms
 - Level 3.0 Summonings
 - Level 3.0 Translocations
 - Level 3.0 Fire Magic
 - Level 2.2 Air Magic
 - Level 3.0 Poison Magic


You had 9 spell levels left.
You knew the following spells:

 Your Spells              Type           Power        Failure   Level  Hunger
a - Magic Dart            Conj           ####         1%          1    None
b - Blink                 Tloc           N/A          6%          2    None
c - Call Imp              Summ           ###.....     6%          2    None
d - Conjure Flame         Conj/Fire      ###.....     10%         3    ##.....
e - Mephitic Cloud        Conj/Pois/Air  ###.....     10%         3    ##.....
f - Repel Missiles        Chrm/Air       ##....       10%         2    None


Dungeon Overview and Level Annotations

Branches:
Dungeon (9/15)             Temple (1/1) D:7            Lair (0/6) D:9
    Orc (1/2) D:9

Altars:
Ashenzari
Cheibriados
Dithmenos
Elyvilon
Fedhas
Gozag
Hepliaklqana
Kikubaaqudgha
Makhleb
Nemelex Xobeh
Okawaru
Qazlal
Ru
Sif Muna
Trog
Uskayaw
Vehumet
Xom
Yredelemnul
Zin
The Shining One

Shops:
D:4 }   D:7 ::(=

Annotations:
D:5 greprep's ghost, novice DEIE


Innate Abilities, Weirdness & Mutations

You are too large for most types of armour.
You have tough skin. (AC +1)


Message History

an uncursed chain mail; a +0 mace; a +0 flail; an uncursed robe; a +0 dagger
Casting: Mephitic Cloud
Confirm with . or Enter, or press ? or * to list all spells.
Okay, then.
Casting: Mephitic Cloud
Confirm with . or Enter, or press ? or * to list all spells.
You blink.
You now have 18/20 mp.
Casting: Blink
Confirm with . or Enter, or press ? or * to list all spells.
Aiming: Mephitic Cloud
Press: ? - help, Shift-Dir - straight line The ball explodes into a vile cloud!
The stinking cloud engulfs the ogre.
You now have 15/20 mp.
The orc warrior is engulfed in noxious fumes.
The ogre hits you with a giant club!!
* * * LOW HITPOINT WARNING * * *
You take 19 damage, and have 11/117 hp.
The orc warrior hits you with a mace!!
You die...

#)###################)# #)#
#.# #######)# #.#
........###################)#
.............>..).....(.....#
.......<...[....#############
................#
................#############
<..............[@.O.........#
######.....[.....o..........#
#......................#
#......................#
#.............ยง........#
#............).........#
#############.############ #
#.##8###8###8###
#[#...#...#...#.


You could see an orc warrior and an ogre.

Vanquished Creatures
  Erolcha (D:9)
  An orc high priest (D:9)
  A gargoyle (D:8)
  3 hippogriffs
  4 hogs (D:8)
  A human (D:8)
  A steam dragon (D:7)
  A hungry ghost (D:9)
  5 sky beasts
  A black bear (D:9)
  7 orc warriors
  A necrophage (D:9)
  A phantom (D:8)
  10 ogres
  2 eyes of draining (D:9)
  8 centaurs
  3 big kobolds
  7 bullfrogs
  A gnoll sergeant (D:8)
  3 scorpions
  10 killer bees
  A wight (D:8)
  8 howler monkeys
  6 crimson imps
  5 hounds
  3 jellies
  3 bullfrog skeletons
  A bullfrog zombie (D:7)
  7 orc priests
  12 orc wizards
  A centaur skeleton (D:8)
  5 iguanas
  7 worker ants
  Ijyb (D:3)
  3 hound skeletons
  A worker ant zombie (D:8)
  7 gnolls
  7 adders
  3 shadow imps
  An adder zombie (D:5)
  An adder skeleton (D:6)
  A worm (D:4)
  2 dart slugs (D:1)
  5 leopard geckos
  30 orcs
  8 giant cockroaches
  13 hobgoblins
  13 jackals
  26 kobolds
  8 quokkas
  7 ball pythons
  4 bats
  6 frilled lizards
  13 goblins
  3 jackal skeletons
  A jackal zombie (D:5)
  A leopard gecko skeleton (D:5)
  A quokka skeleton (D:8)
  A quokka zombie (D:5)
  12 rats
  3 plants (Sewer)
313 creatures vanquished.

Vanquished Creatures (collateral kills)
  An ogre (D:4)
  The ghost of greprep the Magician, an amateur DEAE (D:3)
  A killer bee (D:7)
  A crimson imp (D:4)
  An orc wizard (D:4)
  Robin (D:1)
  7 adders
  A worm (D:4)
  2 orcs
  A bat (D:1)
  2 giant cockroaches (D:3)
  7 jackals
  A rat (D:3)
27 creatures vanquished.

Vanquished Creatures (others)
  An orc (Orc:1)
1 creature vanquished.

Grand Total: 341 creatures vanquished

Notes
Turn   | Place    | Note
-------+----------+-------------------------------------------
     0 | D:1      | Haldmier the Ogre Wizard began the quest for the Orb.
     0 | D:1      | Reached XP level 1. HP: 16/16 MP: 5/5
   409 | D:1      | Reached skill level 1 in Conjurations
   409 | D:1      | Reached XP level 2. HP: 18/24 MP: 0/6
   961 | D:1      | Reached skill level 1 in Maces & Flails
  1198 | D:1      | Reached XP level 3. HP: 24/31 MP: 2/8
  1266 | D:1      | Learned a level 2 spell: Blink
  1269 | D:1      | Learned a level 2 spell: Call Imp
  1273 | D:1      | Learned a level 3 spell: Conjure Flame
  1285 | D:1      | Reached skill level 2 in Maces & Flails
  1480 | D:2      | Noticed Robin
  1804 | D:1      | HP: 1/31 [Robin/whip (6)]
  2188 | D:1      | Killed Robin
  2188 | D:1      | Reached skill level 3 in Maces & Flails
  2586 | D:2      | Reached XP level 4. HP: 39/39 MP: 7/10
  2865 | D:2      | Reached skill level 4 in Maces & Flails
  3428 | D:3      | Noticed Ijyb
  3473 | D:3      | Killed Ijyb
  3568 | D:3      | Found a glowing drain.
  3574 | D:3      | Reached skill level 5 in Maces & Flails
  3574 | D:3      | Reached XP level 5. HP: 16/45 MP: 6/11
  3629 | Sewer    | Entered a sewer
  4717 | Sewer    | Reached skill level 6 in Maces & Flails
  5232 | D:3      | Noticed greprep's ghost (amateur DEAE)
  6074 | D:3      | Reached XP level 6. HP: 53/53 MP: 8/12
  6267 | D:3      | Killed greprep's ghost
  6267 | D:3      | Reached skill level 7 in Maces & Flails
  6592 | D:4      | Found Nageti's Gadget Emporium.
  7164 | D:4      | Reached skill level 8 in Maces & Flails
  7601 | D:4      | Learned a level 3 spell: Mephitic Cloud
  7604 | D:4      | Learned a level 2 spell: Repel Missiles
  7637 | D:5      | Entered Level 5 of the Dungeon
  7642 | D:5      | Noticed a sky beast
  8125 | D:4      | Reached skill level 1 in Translocations
  8125 | D:4      | Reached XP level 7. HP: 45/59 MP: 13/13
  8246 | D:4      | Reached skill level 1 in Summonings
  8568 | D:4      | Reached skill level 1 in Fighting
  8901 | D:5      | Found a deep blue altar of Sif Muna.
  8972 | D:5      | Reached skill level 1 in Fire Magic
  8991 | D:5      | Reached skill level 1 in Charms
  9253 | D:5      | Reached skill level 1 in Air Magic
  9253 | D:5      | Reached XP level 8. HP: 72/72 MP: 7/14
  9346 | D:5      | Reached skill level 1 in Poison Magic
  9490 | D:5      | Noticed greprep's ghost (novice DEIE)
 11240 | D:6      | Reached skill level 9 in Maces & Flails
 12542 | D:7      | Reached skill level 5 in Spellcasting
 12547 | D:7      | Reached XP level 9. HP: 81/81 MP: 3/16
 14311 | D:7      | Found Teith's Book Shop.
 14535 | D:6      | Reached skill level 10 in Maces & Flails
 15930 | D:7      | Found Bucuefopp's Book Shoppe.
 15983 | D:7      | Found Her Ytee's Antique Weapon Shoppe.
 16043 | D:7      | Found a staircase to the Ecumenical Temple.
 16052 | Temple   | Entered the Ecumenical Temple
 16156 | Temple   | Became a worshipper of Ashenzari the Shackled
 16309 | D:7      | Found Ekisk's Jewellery Shop.
 16327 | D:7      | Reached XP level 10. HP: 91/94 MP: 9/18
 16560 | D:7      | Reached skill level 13 in Maces & Flails
 16560 | D:7      | Reached skill level 5 in Conjurations
 16560 | D:7      | Reached XP level 11. HP: 111/111 MP: 19/19
 17600 | D:8      | Reached * piety under Ashenzari
 18278 | D:8      | Reached skill level 14 in Maces & Flails
 18992 | D:9      | Noticed Erolcha
 19001 | D:9      | Killed Erolcha
 19361 | D:9      | Found a staircase to the Lair.
 20696 | D:9      | Found a staircase to the Orcish Mines.
 20759 | Orc:1    | Entered Level 1 of the Orcish Mines
 20787 | Orc:1    | Noticed an orc high priest
 20866 | Orc:1    | Noticed an orc sorcerer
 20889 | D:9      | Reached skill level 15 in Maces & Flails
 21020 | D:9      | Killed an orc high priest
 21020 | D:9      | Reached skill level 10 in Fighting
 21202 | D:9      | Mangled by an orc warrior

Skill      XL: |  1  2  3  4  5  6  7  8  9 10 11 |
---------------+----------------------------------+-----
Conjurations   | 1 2 5 |  5.9
Spellcasting   | 4 5 6 |  6.0
Maces & Flails | 1 3 5 6 8 9 10 13 15 | 15.1
Translocations | 1 2 3 |  3.0
Summonings     | 1 2 3 |  3.0
Fighting       | 1 3 4 8 10 | 10.0
Fire Magic     | 1 2 3 |  3.0
Charms         | 1 2 |  2.0
Air Magic      | 1 2 |  2.2
Poison Magic   | 1 2 3 |  3.0
Dodging        | |  1.7
Stealth        | |  1.4

Action                   |  1- 3 |  4- 6 |  7- 9 | 10-12 || total
-------------------------+-------+-------+-------+-------++-------
Melee: Unarmed           |    26 |       |       |       ||    26
       Club              |    56 |       |       |       ||    56
       Whip              |     1 |   425 |     5 |       ||   431
       Dagger            |       |     5 |    55 |       ||    60
       Giant club        |       |       |   234 |    11 ||   245
       Giant spiked club |       |       |       |   294 ||   294
 Cast: Magic Dart        |    89 |   144 |   158 |    71 ||   462
       Call Imp          |     4 |    28 |    15 |     2 ||    49
       Blink             |       |     1 |       |     1 ||     2
       Conjure Flame     |       |       |     7 |     2 ||     9
       Mephitic Cloud    |       |       |    21 |    30 ||    51
       Repel Missiles    |       |       |     3 |     2 ||     5
Invok: Curse Item        |       |       |       |     1 ||     1
Evoke: Wand              |       |       |     2 |       ||     2
  Use: Potion            |       |     3 |       |     1 ||     4
       Scroll            |       |     4 |     3 |     9 ||    16
 Stab: Distracted        |       |     1 |     1 |       ||     2
       Confused          |       |       |     2 |    11 ||    13
  Eat: Chunk             |     4 |    18 |    20 |    17 ||    59
       Fruit             |     2 |       |     8 |     1 ||    11
       Royal jelly       |       |       |     1 |       ||     1
       Pizza             |       |       |       |     2 ||     2
Armor: Robe              |    34 |    76 |    76 |    45 ||   231
Dodge: Dodged            |    62 |   143 |   132 |   120 ||   457
       Deflected         |       |       |     2 |     3 ||     5
Block: Other             |     2 |    16 |    16 |     8 ||    42
       Reflection        |       |     1 |     1 |       ||     2
